 Dungeon Crawl Stone Soup version 0.27.1-33-g824d729ab1 (webtiles) character file.

Game seed: 16424217629101161186

3817 Grabarz the Destroyer (level 9, -10/62 HPs)
             Began as a Demigod Conjurer on Dec 12, 2021.
             Mangled by a death yak (20 damage)
             ... on level 8 of the Dungeon.
             The game lasted 01:02:38 (10391 turns).

Grabarz the Destroyer (Demigod Conjurer)           Turns: 10391, Time: 01:02:39

Health: -10/62     AC:  7    Str:  8    XL:     9   Next: 65%
Magic:  0/24       EV: 12    Int: 32    God:
Gold:   384        SH:  0    Dex: 18    Spells: 4/23 levels left

rFire    . . .     SeeInvis .   m - staff of conjuration
rCold    + . .     Faith    .   (no shield)
rNeg     . . .     Spirit   +   s - +2 robe {rC+}
rPois    .         Reflect  .   l - +1 helmet
rElec    .         Harm     .   (no cloak)
rCorr    .         Rampage  .   (no gloves)
Will     +....                  v - +0 pair of boots
Stlth    ++........             q - amulet of guardian spirit
HPRegen  0.20/turn              n - ring of willpower
MPRegen  0.19/turn              j - +6 ring of dexterity

@: no status effects
A: high mp 1, forlorn
a: no special abilities


You were on level 8 of the Dungeon.
You visited 2 branches of the dungeon, and saw 9 of its levels.

You collected 384 gold pieces.

Inventory:

Armour
 l - a +1 helmet (worn)
 s - a +2 robe of cold resistance (worn)
 v - a +0 pair of boots (worn)
 w - the +27 Lear's hauberk
   (You found it on level 6 of the Dungeon)
Magical Staves
 m - a staff of conjuration (weapon)
Jewellery
 c - a ring of resist corrosion
 i - a ring of flight
 j - a +6 ring of dexterity (right hand)
 n - a ring of willpower (left hand)
 q - an amulet of guardian spirit (around neck)
Wands
 a - a wand of paralysis (11)
 d - a wand of polymorph (2)
 g - a wand of mindburst (26)
 y - a wand of acid (7)
Scrolls
 h - a scroll of blinking
 k - 5 scrolls of teleportation
 o - a scroll of amnesia
 t - 2 scrolls of fog
 C - a scroll of fear {unknown}
Potions
 b - 6 potions of curing
 e - 2 potions of brilliance
 f - 3 potions of heal wounds
 p - a potion of haste
 u - 2 potions of degeneration {unknown}
 x - a potion of resistance {unknown}
 z - a potion of lignification {unknown}
 A - a potion of invisibility
 B - a potion of cancellation {unknown}
Miscellaneous
 r - a tin of tremorstones (2/2)


   Skills:
 - Level 1.7 Dodging
 - Level 1.7 Stealth
 + Level 7.6 Spellcasting
 + Level 8.9 Conjurations
 + Level 4.4 Hexes
 + Level 4.4 Translocations


You had 4 spell levels left.
You knew the following spells:

 Your Spells              Type           Power      Damage    Failure   Level
a - Magic Dart            Conj           100%       1d8       1%          1
b - Searing Ray           Conj           100%       3d7       1%          2
c - Dazzling Flash        Conj/Hex       100%       N/A       1%          3
d - Fulminant Prism       Conj/Hex       35%        3d18      2%          4
e - Iskenderun's Mystic   Conj/Tloc      70%        2d14      2%          4
f - Lightning Bolt        Conj/Air       28%        1d45      17%         5

Your spell library contained the following spells:

 Spells                   Type           Power      Damage    Failure   Level
 Sublimation of Blood     Necr           6%         N/A       6%          2
 Wereblood                Tmut           12%        N/A       6%          2
 Airstrike                Air            6%         N/A       36%         4
 Summon Lightning Spire   Summ/Air       12%        N/A       36%         4
 Conjure Ball Lightning   Conj/Air       28%        3x3d8     67%         6
 Summon Hydra             Summ           6%         N/A       100%        7
 Discord                  Hex            20%        N/A       100%        8
 Disjunction              Tloc           20%        N/A       100%        8


Dungeon Overview and Level Annotations

Branches:
Dungeon (8/15)             Temple (1/1) D:4
   Lair: D:8-11

Annotations:
D:4 2 runed translucent doors


Innate Abilities, Weirdness & Mutations

Your attributes grow dramatically as you level up.
You have an increased reservoir of magic. (+10% MP)
You shall have no god before yourself.


Message History

You feel a surge of power!
The magic dart hits the death yak.
The death yak is almost dead.
The death yak gores you.
Hit: m) staff of conjuration
Press: ? - help, Dir - move target, f/p - death yak
Aim: a death yak (almost dead, about 19% to evade your staff of conjuration)
You hit the death yak but do no damage.
The death yak is almost dead.
The death yak gores you!
Aiming: Magic Dart (safe; 1% risk of failure)
Press: ? - help, Q - select action, (/) - cycle Shift-Dir - straight line, f/p - death yak
Aim: a death yak (almost dead, 100% to hit)
You feel a surge of power!
The magic dart hits the death yak but does no damage.
The death yak is almost dead.
The death yak barely misses you. The death yak gores you!
* * * LOW HITPOINT WARNING * * *
You see here 15 stones.
Aiming: Magic Dart (safe; 1% risk of failure)
Press: ? - help, Q - select action, (/) - cycle Shift-Dir - straight line, f/p - death yak
Aim: a death yak (almost dead, 100% to hit)
You feel a surge of power!
The magic dart hits the death yak but does no damage.
The death yak is almost dead.
The death yak barely misses you.
The death yak snorts and paws the ground.
Casting: Magic Dart (safe; 1% risk of failure)
Confirm with . or Enter, or press ? or * to list all spells.
You don't have enough magic to cast this spell.
Things that are here:
a +0 dagger; a +0 robe; a +0 hand axe
Things that are here:
a +1 dagger of venom; a +0 chain mail; an orc skeleton
Things that are here:
a +0 short sword; an orc skeleton
Things that are here:
a +0 flail; a +0 chain mail The death yak gores you!!
You die...

#############
#....)))).Y.#############
#.#########@#...........#
#...#...# #÷#...........#
###.#.#.###.#...........#
#.#.#.....#...........#
#.#.#.....#...........####
###.#.#.....#####.........#.
#<#.#.#.....# ######.####.#.
#.#...#..##.###....#.####.#.
#.##.....(................†.


You could see a death yak.

Vanquished Creatures
  Joseph (D:8)
  A troll (D:6)
  A yak (D:8)
  2 water moccasins (D:8)
  An orc warrior (D:8)
  A black bear (D:4)
  A sky beast (D:6)
  3 ogres
  2 necrophages (D:5)
  6 centaurs
  A phantom (D:5)
  A kobold brigand (D:7)
  A bullfrog (D:4)
  A scorpion (D:4)
  A water moccasin skeleton (D:5)
  7 killer bees
  5 wights (D:7)
  2 howler monkeys
  2 gnoll shamans
  4 hounds
  2 jellies (D:6)
  A bullfrog skeleton (D:5)
  An orc priest (D:4)
  2 iguanas (D:6)
  2 centaur skeletons
  Terence (D:2)
  5 orc wizards
  A killer bee zombie (D:5)
  2 howler monkey zombies (D:7)
  3 gnolls (D:7)
  A howler monkey skeleton (D:5)
  7 adders
  2 white imps
  3 ufetubi
  2 adder zombies (D:5)
  5 worms
  5 dart slugs
  18 orcs
  9 ball pythons
  7 bats
  6 endoplasms
  4 giant cockroaches
  7 goblins
  3 hobgoblins
  4 jackals (D:4)
  7 quokkas
  2 frilled lizards (D:1)
  11 kobolds
  3 rats
170 creatures vanquished.

Vanquished Creatures (others)
  8 fulminant prisms
8 creatures vanquished.

Grand Total: 178 creatures vanquished

Notes
Turn   | Place    | Note
-------+----------+-------------------------------------------
     0 | D:1      | Grabarz the Demigod Conjurer began the quest for the Orb.
     0 | D:1      | Reached XP level 1. HP: 14/14 MP: 5/5
   476 | D:1      | Reached XP level 2. HP: 20/20 MP: 3/7
   534 | D:1      | Learned a level 2 spell: Searing Ray
   644 | D:1      | Reached skill level 4 in Conjurations
  1225 | D:2      | Reached XP level 3. HP: 26/26 MP: 0/9
  1229 | D:2      | Learned a level 3 spell: Dazzling Flash
  1457 | D:2      | Noticed Terence
  1460 | D:2      | Killed Terence
  1577 | D:2      | Reached XP level 4. HP: 33/33 MP: 8/11
  3344 | D:4      | Found a large runed translucent door.
  3344 | D:4      | Found a large runed translucent door.
  3379 | D:4      | Reached skill level 5 in Conjurations
  3379 | D:4      | Reached XP level 5. HP: 28/38 MP: 8/13
  3381 | D:4      | Noticed an ogre
  3754 | D:3      | Killed an ogre
  3839 | D:4      | Found a staircase to the Ecumenical Temple.
  4010 | Temple   | Entered the Ecumenical Temple
  4371 | D:4      | Noticed an orc warrior
  4851 | D:4      | Found a large runed translucent door.
  4851 | D:4      | Found a large runed translucent door.
  4858 | D:4      | Reached XP level 6. HP: 45/45 MP: 10/15
  5054 | D:4      | Learned a level 4 spell: Fulminant Prism
  5059 | D:4      | Learned a level 4 spell: Iskenderun's Mystic Blast
  5589 | D:4      | Identified a scroll of acquirement
  5589 | D:4      | Acquired a staff of conjuration
  5599 | D:5      | Entered Level 5 of the Dungeon
  5725 | D:4      | Reached skill level 6 in Conjurations
  5839 | D:4      | Reached XP level 7. HP: 24/50 MP: 8/17
  5840 | D:4      | Reached skill level 5 in Spellcasting
  6405 | D:5      | Reached skill level 7 in Conjurations
  6646 | D:5      | Reached XP level 8. HP: 57/57 MP: 8/20
  7265 | D:6      | Reached skill level 1 in Hexes
  7265 | D:6      | Reached skill level 1 in Translocations
  7476 | D:6      | Noticed a troll
  7481 | D:6      | Killed a troll
  7665 | D:6      | Found the +27 Lear's hauberk
  7829 | D:7      | Reached skill level 8 in Conjurations
  8653 | D:7      | Identified the +0 quarterstaff of the Howling Dragonfly
                  | {vamp, rC+ Int+4 Dex+2 Stlth+}
  8896 | D:7      | Reached XP level 9. HP: 53/62 MP: 15/23
  9165 | D:7      | Learned a level 5 spell: Lightning Bolt
  9708 | D:8      | Noticed Joseph
  9712 | D:8      | Killed Joseph
 10330 | D:8      | Noticed a death yak
 10332 | D:8      | Noticed a death yak
 10337 | D:8      | Noticed a death yak
 10391 | D:8      | Mangled by a death yak

Illustrated notes

Levels and vault maps discovered:
D:1:      minmay_arrival_four_houses, layout_basic,
          shapermc_ecumenical_altar_venn
D:2:      layout_rooms, uniq_terence
D:3:      layout_loops_ring, mainiacjoe_overflow_paths,
          grunt_temple_overflow_open, minmay_misc_feat_nine_boxes
D:4:      layout_basic, minmay_temple_entry_stoned_glass,
          chequers_serial_rivers_small_3, minmay_hollow_rounded_squares
D:5:      minmay_inner_zag, layout_rooms, nrook_loot_triangle
D:6:      layout_cave_pools, nicolae_qazlal_scattered_showers,
          hellmonk_guarded_unrand_lears
D:7:      layout_basic
D:8:      layout_basic, minmay_overflow_temple_star_hex, dpeg_lair_monsters,
          uniq_joseph
Temple:   nicolae_temple_figure_eight

Skill      XL: |  1  2  3  4  5  6  7  8  9 |
---------------+----------------------------+-----
Spellcasting   | 2 3 4 6 7 |  7.6
Conjurations   | 4 5 6 7 8 |  8.9
Hexes          | 3 4 |  4.4
Translocations | 2 4 |  4.4
Dodging        | |  1.7
Stealth        | |  1.7

Action                   |  1- 3 |  4- 6 |  7- 9 || total
-------------------------+-------+-------+-------++-------
Melee: Staff             |       |       |     2 ||     2
 Cast: Magic Dart        |    42 |    70 |    60 ||   172
       Searing Ray       |     7 |    33 |    53 ||    93
       Dazzling Flash    |       |     1 |       ||     1
       Fulminant Prism   |       |       |     8 ||     8
       Lightning Bolt    |       |       |    12 ||    12
       Iskenderun's Myst |       |       |     1 ||     1
  Use: Scroll            |     2 |     9 |     4 ||    15
Armor: Robe              |     1 |    14 |     8 ||    23
Dodge: Dodged            |     2 |    33 |    35 ||    70
